 Dungeon Crawl Stone Soup version 0.21.1-1-g345015f (webtiles) character file.

24 shakethe the Skirmisher (level 3, 0/23 HPs)
             Began as a Gargoyle Fighter on Feb 20, 2018.
             Slain by a goblin (2 damage)
             ... led by Robin
             ... on level 2 of the Dungeon.
             The game lasted 00:01:39 (792 turns).

shakethe the Skirmisher (Gargoyle Fighter)           Turns: 792, Time: 00:01:40

Health: 0/23       AC: 10    Str: 19    XL:     3   Next: 2%
Magic:  3/3        EV:  7    Int:  9    God:
Gold:   109        SH:  9    Dex:  9    Spells: 2/2 levels left

rFire    . . .     SeeInvis .   a - +0 flail
rCold    . . .     Gourm    .   c - +0 shield
rNeg     + . .     Faith    .   b - +0 scale mail
rPois    ∞         Spirit   .   (no helmet)
rElec    +         Reflect  .   (no cloak)
rCorr    .         Harm     .   (no gloves)
MR       .....                  (no boots)
Stlth    ..........             (no amulet)
HPRegen  0.07/turn              (no ring)
MPRegen  0.08/turn              (no ring)

@: no status effects
A: negative energy resistance 1, electricity resistance, unbreathing,
petrification resistance, rot immunity, AC +3
a: no special abilities


You were on level 2 of the Dungeon.
You were not hungry.

You visited 1 branch of the dungeon, and saw 2 of its levels.

You collected 109 gold pieces.

Inventory:

Hand Weapons
 a - a +0 flail (weapon)
Armour
 b - a +0 scale mail (worn)
 c - a +0 shield (worn)
Scrolls
 e - a scroll of amnesia {unknown}
 i - a scroll of identify {unknown}
Potions
 d - a potion of might
 h - a potion of brilliance {unknown}
 j - a potion of curing {unknown}
 k - a potion of invisibility {unknown}
Comestibles
 f - 6 rations


   Skills:
 + Level 3.6 Fighting
 * Level 2.8 Maces & Flails
 + Level 3.6 Armour
 - Level 3.2 Shields


You had 2 spell levels left.
You didn't know any spells.

Dungeon Overview and Level Annotations

Branches:
Dungeon (2/15)

Altars:

Annotations:
D:2 Robin


Innate Abilities, Weirdness & Mutations

You are resistant to torment.
Your stone body is resilient. (AC +3)
You are immune to poison.
You resist negative energy. (rN+)
You are resistant to electric shocks. (rElec)
You can survive without breathing.
You are immune to petrification.
You are immune to rotting.


Message History

No target in view!
Done exploring.
No target in view!
No target in view!
No target in view!
No target in view!
No target in view!
No target in view!
Done exploring.
No target in view!
Done exploring.
No target in view!
No target in view!
No target in view!
No target in view!
Done exploring.
No target in view!
No target in view!
No target in view!
Done exploring.
There is a stone staircase leading down here.
You climb downwards.
There is a stone staircase leading up here.
A goblin comes into view.
The goblin shouts!
You hear a shout! x2 2 goblins come into view. 2 goblins, a hobgoblin and Robin come into view.
A goblin is wielding a dagger of draining.
The hobgoblin shouts!
The goblin shouts! x2; You hear a shout!
A goblin comes into view.
It is wielding a club. 3 goblins come into view.
The goblin shouts! x2
Robin roars a battlecry!
The goblins go into a battle-frenzy!
Found a stone staircase leading down.
You closely miss the goblin. You block the goblin's attack.
Robin throws the goblin at you! You block the goblin's attack.
The goblin barely misses you. Robin throws the goblin at you!
You barely miss the goblin. The goblin hits you but does no damage.
The hobgoblin hits you but does no damage.
You block the goblin's attack. x2; The goblin barely misses you.
Your shield and scale mail prevent you from hitting the goblin.
You block the goblin's attack. The hobgoblin hits you with a club.
You block the goblin's attack.
The goblin hits you but does no damage. x2
Robin throws the goblin at you!
The goblin hits you but does no damage. x2
The hobgoblin hits you with a club. The goblin hits you but does no damage.
You take 7 damage, and have 16/23 hp.
MASSIVE DAMAGE!!
You closely miss the goblin. The goblin barely misses you.
You block the goblin's attack. The goblin hits you but does no damage.
You block the goblin's attack. The goblin barely misses you.
You block the hobgoblin's attack. The goblin completely misses you.
The goblin closely misses you.
Unknown command.
Your shield prevents you from hitting the goblin.
The goblin hits you but does no damage. The goblin barely misses you.
The goblin hits you but does no damage. You block the goblin's attack.
The hobgoblin hits you but does no damage.
The goblin hits you but does no damage. x2
Robin's bangles clink loudly.
Unknown command.
You closely miss the goblin. You block the goblin's attack.
The goblin hits you but does no damage. The goblin closely misses you.
The goblin hits you but does no damage. The goblin barely misses you.
The goblin hits you but does no damage. You block the hobgoblin's attack.
You block the goblin's attack. The goblin barely misses you.
The goblin completely misses you.
The goblin hits you but does no damage. x3
Unknown command.
You closely miss the goblin. The goblin hits you but does no damage.
You block the hobgoblin's attack. The goblin closely misses you. x2
You block the goblin's attack. The goblin barely misses you.
The goblin hits you but does no damage. x3; The hobgoblin hits you with a club.
You take 5 damage, and have 11/23 hp.
MASSIVE DAMAGE!!
You are too injured to fight recklessly!
Unknown command.
You are too injured to fight recklessly!
Unknown command.
You are too injured to fight recklessly!
Unknown command.
You are too injured to fight recklessly!
You are too injured to fight recklessly!
Unknown command.
You are too injured to fight recklessly!
You barely miss the goblin. The goblin hits you with a club.
You block the goblin's attack. x2; The goblin hits you but does no damage.
The goblin hits you.
* * * LOW HITPOINT WARNING * * *
The goblin hits you but does no damage. x2; You block the hobgoblin's attack.
The goblin hits you but does no damage. x3
You take 6 damage, and have 5/23 hp.
MASSIVE DAMAGE!!
You are too injured to fight recklessly!
You sock the goblin!
You kill the goblin!
The goblin no longer looks unusually strong. x3
The goblin closely misses you. The goblin hits you with a dagger.
* * * LOW HITPOINT WARNING * * *
The goblin hits you.
You die...

#............#
#............#
#............#
#............#
#............#
+.....g.....>#
#....gggg...#
#....)@gg...#
#....ggg....#
.#.###....../....#
.................#
#.....<...#.......
#.####...###......
...## #..⌠.. ##...
..... #.#.. P..


You could see Robin, a hobgoblin and 8 goblins.

Vanquished Creatures
  An ooze (D:1)
  A dart slug (D:1)
  3 giant cockroaches (D:1)
  4 goblins
  A hobgoblin (D:1)
  A ball python (D:1)
  2 bats (D:1)
  A frilled lizard (D:1)
  A kobold (D:1)
  3 rats (D:1)
18 creatures vanquished.

Notes
Turn   | Place    | Note
-------+----------+-------------------------------------------
     0 | D:1      | shakethe the Gargoyle Fighter began the quest for the Orb.
     0 | D:1      | Reached XP level 1. HP: 14/14 MP: 1/1
    87 | D:1      | Reached XP level 2. HP: 13/19 MP: 2/2
   602 | D:1      | Reached XP level 3. HP: 23/23 MP: 3/3
   781 | D:2      | Noticed Robin
   791 | D:2      | HP: 5/23 [goblin[Robin] (2)]
   792 | D:2      | HP: 2/23 [goblin/dagger[Robin] (3)]
   792 | D:2      | Slain by a goblin

Action                   || total
-------------------------++-------
Melee: Flail             ||    58
Armor: Scale mail        ||    54
Dodge: Dodged            ||    28
Block: Shield            ||    40

Vault maps used:
D:1:      dpeg_arrival_erosion, serial_bayou, serial_bayou_lagoon_a,
          serial_bayou_shore_b, serial_bayou_shore_b, serial_bayou_pond_d,
          serial_bayou_pond_c, serial_bayou_ford_a
D:2:      fiery_altar_vehumet, tso_oasis_becter,
          gammafunk_temple_overflow_statue, lemuel_doored_altar,
          kennysheep_generic_room_11, uniq_robin

Table legend:
 A = Turns spent in this place as a percentage of turns spent in the entire game.
 B = Non-inter-level travel turns spent in this place as a percentage of non-inter-level travel turns spent in the entire game.
 C = Inter-level travel turns spent in this place as a percentage of turns spent in this place.
 D = Turns resting spent in this place as a percentage of non-inter-level travel turns spent in this place.
 E = Turns spent auto-exploring this place as a percentage of non-inter-level travel turns spent in this place.
 F = Non-inter-level travel turns spent in this place divided by the number of levels of this place that you've seen.
                   A       B       C       D       E      F
               +-------+-------+-------+-------+-------+----------------------
         Total | 100.0 | 100.0 |   0.0 |   6.9 |  77.0 | 396.0
       Dungeon | 100.0 | 100.0 |   0.0 |   6.9 |  77.0 | 396.0
               +-------+-------+-------+-------+-------+----------------------

Table legend:
 A = Kills in this place as a percentage of kills in entire the game.
 B = Kills by you in this place as a percentage of kills by you in the entire game.
 C = Kills by friends in this place as a percentage of kills by friends in the entire game.
 D = Other kills in this place as a percentage of other kills in the entire game.
 E = Experience gained in this place as a percentage of experience gained in the entire game.
 F = Experience gained in this place divided by the number of levels of this place that you have seen.
                   A       B       C       D       E      F
               +-------+-------+-------+-------+-------+----------------------
         Total | 100.0 | 100.0 |   N/A |   N/A | 100.0 |  17.5
       Dungeon | 100.0 | 100.0 |   N/A |   N/A | 100.0 |  17.5
               +-------+-------+-------+-------+-------+----------------------
